 Dungeon Crawl Stone Soup version 0.27-a0-1188-g73eefd5def (console) character file.

Game seed: 7162323303502328330

25145 jejorda2 the Impaler (level 13, -4/147 HPs)
             Began as a Merfolk Berserker on May 21, 2021.
             Was an Elder of Trog.
             Slain by a minotaur
             ... wielding the +9 glaive "Umito" {pain, rF+}
              (30 damage)
             ... in a Gauntlet.
             The game lasted 00:34:20 (12789 turns).

jejorda2 the Impaler (Merfolk Berserker)           Turns: 12789, Time: 00:34:21

Health: -4/147     AC: 25    Str: 23    XL:     13   Next: 17%
Magic:  0/13       EV: 14    Int:  6    God:    Trog [****..]
Gold:   367        SH:  0    Dex: 13    Spells: 12/12 levels left

rFire    . . .     SeeInvis .   a - +1 halberd
rCold    . . .     Faith    .   (shield currently unavailable)
rNeg     . . .     Spirit   +   m - +0 plate armour
rPois    .         Reflect  .   s - +2 helmet
rElec    .         Harm     .   j - +0 cloak
rCorr    .         Rampage  .   v - +2 pair of gloves
Will     ++...     NoTele   +   (no boots)
Stlth    ..........             o - amulet of guardian spirit
HPRegen  1.34/turn              u - +4 ring of protection
MPRegen  0.13/turn              n - +4 ring of evasion

@: berserking, strong-willed, regenerating, very quick
A: (nimble swimmer 2), mertail
a: Renounce Religion, Berserk, Trog's Hand, Brothers in Arms


You were in a Gauntlet.
You worshipped Trog.
Trog was greatly pleased with you.
You visited 2 branches of the dungeon, and saw 13 of its levels.
You also visited: Gauntlet.

You collected 585 gold pieces.
You spent 218 gold pieces at shops.

Inventory:

Hand Weapons
 a - a +1 halberd (weapon)
 b - a +1 spear of freezing
Missiles
 e - 7 boomerangs
 h - 27 poisoned darts
 w - 7 curare-tipped darts (quivered)
 I - 5 javelins
Armour
 j - a +0 cloak (worn)
 m - a +0 plate armour (worn)
 s - a +2 helmet (worn)
 v - a +2 pair of gloves (worn)
 L - the +0 cloak "Sonkiwot" {Harm Str+4 Int+4 SInv}
   (You found it in a Gauntlet)

   It affects your strength (+4).
   It affects your intelligence (+4).
   It lets you see invisible.
   It increases damage dealt and taken.
Jewellery
 d - a ring of ice
 g - a ring of poison resistance
 n - a +4 ring of evasion (right hand)
 o - an amulet of guardian spirit (around neck)
 q - a ring of protection from cold
 u - a +4 ring of protection (left hand)
Wands
 B - a wand of digging (5)
 E - a wand of iceblast (12)
 G - a wand of polymorph (6)
Scrolls
 c - a scroll of identify
 f - 5 scrolls of teleportation
 p - 2 scrolls of blinking
 y - 4 scrolls of enchant weapon
 C - a scroll of fog
 H - a scroll of magic mapping
Potions
 i - 2 potions of might
 k - 3 potions of curing
 l - 3 potions of heal wounds
 r - a potion of haste
 t - 2 potions of attraction
 x - a potion of invisibility
 z - 5 potions of lignification
 D - a potion of magic
 F - a potion of cancellation
 J - a potion of mutation
Miscellaneous
 A - a tin of tremorstones (1/2)
 K - a phial of floods


   Skills:
 + Level 8.1 Fighting
 - Level 20.0 Polearms
 - Level 6.0 Throwing
 * Level 8.1 Armour
 + Level 8.9 Dodging
 - Level 6.0 Evocations


You had 12 spell levels left.
You didn't know any spells.
Your spell library was empty.

Dungeon Overview and Level Annotations

Branches:
Dungeon (12/15)            Temple (0/1) D:4            Lair (1/6) D:11
    Orc (0/2) D:11        Gauntlet (1/1)

Altars:
Cheibriados
Elyvilon
Fedhas
Gozag
Makhleb
Okawaru
Qazlal
Ru
Sif Muna
Vehumet

Shops:
D:8 *   D:10 [

Annotations:
Gauntlet 8 transporters, exclusions: ice statue and lightning spire


Innate Abilities, Weirdness & Mutations

((You are quick and stealthy near water. (Stealth+, EV+, Speed+++)))
Your lower body shifts to a powerful aquatic tail in water.


Message History

You feel strong-willed.
A minotaur opens the door.
A red film seems to cover your vision as you go berserk!
You feel yourself moving faster!
You feel mighty!
The minotaur hits you from afar with the +9 glaive "Umito" {pain, rF+}!
You writhe in agony.
You feel a strong urge to attack something.
The minotaur drinks a potion.
The minotaur goes berserk!
There is an open door here.
You completely miss the minotaur.
The minotaur furiously retaliates!
The minotaur headbutts you.
The minotaur hits you with the +9 glaive "Umito" {pain, rF+}!!!
You writhe in agony!
The minotaur gores you.
You hit the minotaur but do no damage.
Your plate armour prevents you from hitting the minotaur.
The minotaur furiously retaliates!
The minotaur headbutts you, but does no damage.
The minotaur hits you with the +9 glaive "Umito" {pain, rF+}!!
* * * LOW HITPOINT WARNING * * *
You writhe in agony.
* * * LOW HITPOINT WARNING * * *
The minotaur gores you but does no damage.
You impale the minotaur!!
The minotaur is moderately wounded.
The minotaur hits you with the +9 glaive "Umito" {pain, rF+}!
* * * LOW HITPOINT WARNING * * *
You writhe in agony.
* * * LOW HITPOINT WARNING * * *
The minotaur gores you but does no damage.
You barely miss the minotaur.
The minotaur is moderately wounded.
The minotaur misses you.
The minotaur gores you but does no damage.
You closely miss the minotaur.
The minotaur furiously retaliates!
The minotaur headbutts you, but does no damage.
The minotaur is moderately wounded.
You slash the minotaur!
The minotaur is moderately wounded.
The minotaur hits you with the +9 glaive "Umito" {pain, rF+}!!
You die...

###+## ##..⌠.#
'⌠...# ...⌠+ ∩Z.
#H# #######@#######
#.............#
#.###.###.###.#
............#
#.###.###.###
#####.###.###.#####
.................#
#.♣.♣.©.©.©.©.♣.♣.#
.................#


You could see a minotaur (berserk) and a minotaur zombie.

Vanquished Creatures
  Fannar (D:10)
  2 boulder beetles (D:12)
  A hydra (D:11)
  Erolcha (D:10)
  Erica (D:8)
  3 two-headed ogres
  Sonja (D:10)
  A fire crab (Gauntlet)
  The ghost of voltaire321 the Skirmisher, a novice GrFi of Makhleb (D:7)
  Pikel (D:7)
  2 ugly things
  2 manticores (D:12)
  A gargoyle (D:11)
  A cane toad (Lair:1)
  A kobold demonologist (D:12)
  3 trolls
  Prince Ribbit (D:9)
  A hornet (D:10)
  6 slime creatures
  A vampire (D:10)
  A shadow (D:10)
  A basilisk (D:11)
  13 yaks
  3 wyverns (D:11)
  4 fire bats (Gauntlet)
  Menkaure (D:5)
  Edmund (D:4)
  An acid dragon (D:8)
  A warg (D:11)
  6 water moccasins
  Duvessa (D:4)
  5 ice beasts (D:7)
  3 orc warriors
  2 sky beasts
  A black bear (D:6)
  4 wolves (D:11)
  An ogre (D:6)
  2 necrophages
  2 centaurs
  3 lemures (D:7)
  6 kobold brigands
  Blork the orc (D:5)
  3 bullfrogs
  2 scorpions
  Dowan (D:4)
  A wyvern skeleton (D:7)
  6 killer bees
  4 howler monkeys
  2 centaur zombies
  A bullfrog zombie (D:6)
  3 hounds
  3 centaur skeletons
  3 jellies
  6 orc priests
  A gnoll shaman (D:6)
  A bullfrog skeleton (D:6)
  6 iguanas
  Terence (D:3)
  4 orc wizards
  A hound skeleton (D:5)
  8 gnolls
  7 adders
  A shadow imp (D:7)
  2 worms (D:2)
  2 dart slugs
  13 orcs
  2 bats (D:1)
  7 endoplasms
  2 giant cockroaches
  6 goblins
  8 hobgoblins
  7 jackals
  20 kobolds
  2 quokkas
  2 ball pythons
  5 frilled lizards
  7 rats
245 creatures vanquished.

Vanquished Creatures (collateral kills)
  A dire elephant (Gauntlet)
  2 elephants (Gauntlet)
  A slime creature (Gauntlet)
  2 vampire mosquitoes (D:10)
  A jelly (Gauntlet)
7 creatures vanquished.

Vanquished Creatures (others)
  A fungus (Lair:1)
  29 plants
30 creatures vanquished.

Grand Total: 282 creatures vanquished

Notes
Turn   | Place    | Note
-------+----------+-------------------------------------------
     0 | D:1      | jejorda2 the Merfolk Berserker began the quest for the Orb.
     0 | D:1      | Reached XP level 1. HP: 18/18 MP: 1/1
   156 | D:1      | Reached XP level 2. HP: 24/24 MP: 2/2
   239 | D:1      | Reached skill level 5 in Polearms
   518 | D:1      | Reached XP level 3. HP: 29/29 MP: 3/3
   667 | D:1      | Reached ** piety under Trog
   833 | D:2      | Found a faded altar of an unknown god.
  1400 | D:2      | Reached XP level 4. HP: 34/37 MP: 4/4
  1464 | D:2      | Reached skill level 6 in Polearms
  2136 | D:3      | Found a radiant altar of Vehumet.
  2196 | D:3      | Found a shimmering blue altar of Sif Muna.
  2198 | D:3      | Noticed Terence
  2216 | D:3      | Killed Terence
  2217 | D:3      | Reached XP level 5. HP: 32/42 MP: 3/5
  2948 | D:4      | Noticed a necrophage
  3178 | D:4      | Identified the +10 mace of Valiance {vamp, rC++ rCorr
                  | Dex+4}
  3190 | D:4      | Reached skill level 7 in Polearms
  3417 | D:4      | Noticed a necrophage
  3425 | D:4      | Reached XP level 6. HP: 49/49 MP: 6/6
  3431 | D:4      | Killed a necrophage
  3471 | D:4      | Noticed Edmund
  3481 | D:4      | Reached skill level 8 in Polearms
  3487 | D:4      | Killed Edmund
  3488 | D:4      | Reached skill level 5 in Fighting
  3488 | D:4      | Reached XP level 7. HP: 41/56 MP: 4/7
  3507 | D:4      | Noticed Duvessa
  3523 | D:4      | Killed Duvessa
  3536 | D:4      | Noticed Dowan
  3551 | D:5      | Entered Level 5 of the Dungeon
  3551 | D:5      | Noticed Menkaure
  3564 | D:5      | Reached skill level 9 in Polearms
  3575 | D:5      | Killed Menkaure
  3583 | D:5      | Reached XP level 8. HP: 18/64 MP: 0/8
  3852 | D:4      | Killed Dowan
  3853 | D:4      | Reached skill level 10 in Polearms
  4094 | D:4      | Found a staircase to the Ecumenical Temple.
  4166 | D:5      | Noticed Blork the orc
  4171 | D:5      | Killed Blork the orc
  4566 | D:6      | Reached *** piety under Trog
  4568 | D:6      | Reached skill level 11 in Polearms
  4898 | D:6      | Reached skill level 12 in Polearms
  4905 | D:6      | Reached XP level 9. HP: 53/69 MP: 5/9
  5556 | D:7      | Reached skill level 5 in Armour
  5562 | D:7      | Reached skill level 13 in Polearms
  5668 | D:7      | Noticed Pikel
  5669 | D:7      | Reached skill level 19 in Polearms
  5669 | D:7      | Reached XP level 10. HP: 76/76 MP: 10/10
  5677 | D:7      | Killed Pikel
  6037 | D:7      | Found a runed translucent gate.
  6043 | D:7      | Found a runed translucent gate.
  6043 | D:7      | Noticed voltaire321's ghost (novice GrFi)
  6044 | D:7      | Found a runed translucent gate.
  6067 | D:7      | Reached **** piety under Trog
  6452 | D:7      | Killed voltaire321's ghost
  6453 | D:7      | Reached XP level 11. HP: 81/81 MP: 9/11
  6697 | D:8      | Found Hagufem's Elemental Accessories.
  6791 | D:8      | Noticed a purple ugly thing
  6800 | D:8      | Killed a purple ugly thing
  6834 | D:8      | Noticed Erica
  6848 | D:8      | Killed Erica
  6981 | D:8      | Found a stormy altar of Qazlal.
  6981 | D:8      | Found a blossoming altar of Fedhas.
  6981 | D:8      | Found an iron altar of Okawaru.
  6981 | D:8      | Found a white marble altar of Elyvilon.
  6990 | D:8      | Found a burning altar of Makhleb.
  6995 | D:8      | Found an opulent altar of Gozag.
  7023 | D:8      | Found a snail-covered altar of Cheibriados.
  7066 | D:9      | Reached skill level 20 in Polearms
  7066 | D:9      | Reached skill level 5 in Dodging
  7150 | D:9      | Noticed Prince Ribbit
  7160 | D:9      | Killed Prince Ribbit
  7161 | D:9      | Reached skill level 1 in Throwing
  7161 | D:9      | Reached skill level 1 in Evocations
  8197 | D:10     | Entered Level 10 of the Dungeon
  8197 | D:10     | Noticed Erolcha
  8212 | D:10     | Killed Erolcha
  8484 | D:10     | Noticed Sonja
  8485 | D:10     | Killed Sonja
  8523 | D:10     | Found a sacrificial altar of Ru.
  8592 | D:10     | Noticed Fannar
  8613 | D:10     | Killed Fannar
  8614 | D:10     | Reached skill level 5 in Throwing
  8614 | D:10     | Reached skill level 5 in Evocations
  8614 | D:10     | Reached XP level 12. HP: 88/88 MP: 12/12
  8666 | D:10     | Found Zebaizon's Antique Armour Emporium.
  8674 | D:10     | Bought a fading chain mail for 218 gold pieces
  8674 | D:10     | Identified the +1 chain mail of the Demon Prince {Harm
                  | Will+ Dex+7} (You bought it in a shop on level 10 of the
                  | Dungeon)
  9282 | D:11     | Found a staircase to the Orcish Mines.
  9317 | D:11     | Noticed a six-headed hydra
  9335 | D:11     | Killed a six-headed hydra
  9778 | D:11     | Found a staircase to the Lair.
  9980 | D:11     | Reached ***** piety under Trog
  9982 | D:11     | Noticed a two-headed ogre
  9990 | D:11     | Killed a two-headed ogre
 10211 | D:12     | Noticed a two-headed ogre
 10219 | D:12     | Killed a two-headed ogre
 10628 | D:12     | Noticed a boulder beetle
 10639 | D:12     | Killed a boulder beetle
 10682 | D:12     | Noticed a boulder beetle
 10686 | D:12     | Noticed a two-headed ogre
 10688 | D:12     | Killed a boulder beetle
 10694 | D:12     | Killed a two-headed ogre
 12227 | Lair:1   | Entered Level 1 of the Lair of Beasts
 12268 | Lair:1   | Found a gate leading to a gauntlet.
 12277 | Lair:1   | Reached XP level 13. HP: 98/98 MP: 13/13
 12282 | Gauntlet | Entered a Gauntlet
 12282 | Gauntlet | Found a transporter.
 12291 | Gauntlet | Found a transporter.
 12294 | Gauntlet | Found a transporter.
 12305 | Gauntlet | Found a transporter.
 12308 | Gauntlet | Found a transporter.
 12327 | Gauntlet | Found a transporter.
 12340 | Gauntlet | Found a transporter.
 12351 | Gauntlet | Found a transporter.
 12358 | Gauntlet | Noticed a dire elephant
 12363 | Gauntlet | Found a transporter.
 12386 | Gauntlet | Found a transporter.
 12398 | Gauntlet | Found a transporter.
 12398 | Gauntlet | Found a transporter.
 12452 | Gauntlet | Noticed a blizzard demon
 12465 | Gauntlet | Found a transporter.
 12468 | Gauntlet | Found a transporter.
 12730 | Gauntlet | Killed a dire elephant
 12754 | Gauntlet | Identified the +0 cloak "Sonkiwot" {Harm Str+4 Int+4 SInv}
 12777 | Gauntlet | Identified the +9 glaive "Umito" {pain, rF+}
 12777 | Gauntlet | Noticed a minotaur
 12789 | Gauntlet | Slain by a minotaur

Illustrated notes

Levels and vault maps discovered:
D:1:      ncdulo_watergridlock, layout_rooms
D:2:      layout_loops_ring, basic_ecumenical_altar, minmay_pentomino_w4
D:3:      layout_loops_corners, grunt_temple_overflow_open,
          hangedman_decor_slide_cut, minmay_misc_feat_alley, uniq_terence
D:4:      layout_cave_pools, temple_green, serial_bayou, serial_bayou_pond_d,
          serial_bayou_shore_a, serial_bayou_lagoon_a, serial_bayou_pond_d,
          uniq_edmund, uniq_duvessa
D:5:      layout_rooms, uniq_blork_the_orc, uniq_menkaure
D:6:      layout_basic, serial_glass, glass_columns_c, glass_columns_c
D:7:      layout_basic, gammafunk_ghost_split, uniq_pikel
D:8:      layout_gridville, kennysheep_slug_shrine, minmay_overflow_temple_hex,
          nicolae_elemental_shop, chequers_serial_rivers_marsh,
          grunt_ministairs_7, uniq_erica
D:9:      layout_irregular_city, uniq_prince_ribbit1
D:10:     layout_rooms, lemuel_tele_altar, serial_shops,
          nicolae_shop_statue_plus, uniq_sonja, uniq_erolcha, uniq_fannar
D:11:     layout_basic, minmay_lair_entry_grove, david_orc_3
D:12:     layout_irregular_city, serial_column_ruins, column_ruins_hut_ruined,
          column_ruins_hut, column_ruins_corridor_corner,
          column_ruins_open_large, column_ruins_open_small_water,
          column_ruins_corridor_straight, column_ruins_grid_3
Lair:1:   beast_lair_carwin_large_1, layout_loops_ring, gauntlet_entry_generic,
          minivault_23, serial_bayou_pond_a, serial_bayou_lake_a,
          infiniplex_staircase_pool_2
Gauntlet: minmay_gauntlet_77_tree [minmay_gauntlet_arena_77_double_cross,
          minmay_gauntlet_arena_77_two_paths,
          minmay_gauntlet_arena_77_broken_ladder,
          minmay_gauntlet_arena_77_tiled_triplets,
          minmay_gauntlet_arena_77_p_blocks, minmay_gauntlet_arena_77_mirror,
          minmay_gauntlet_arena_77_two_lines, gauntlet_exit_hidden_loot]

Skill      XL: |  1  2  3  4  5  6  7  8  9 10 11 12 13 |
---------------+----------------------------------------+-----
Polearms       | 5 6 7 8 9 12 19 20 | 20.0
Armour         | 2 3 4 5 6 7 8 |  8.1
Fighting       | 4 5 6 7 8 |  8.1
Dodging        | 3 6 8 |  8.9
Throwing       | 5 6 |  6.0
Evocations     | 5 6 |  6.0

Action                   |  1- 3 |  4- 6 |  7- 9 | 10-12 | 13-15 || total
-------------------------+-------+-------+-------+-------+-------++-------
Melee: Spear             |   138 |     7 |       |     7 |       ||   152
       Halberd           |       |   124 |   249 |   478 |    40 ||   891
       Mace              |       |     3 |       |       |       ||     3
       Tailslap          |       |     2 |       |       |       ||     2
Throw: Dart              |     6 |    12 |       |    28 |       ||    46
       Boomerang         |       |       |     2 |    15 |       ||    17
Invok: Berserk           |     1 |     2 |     4 |     6 |     3 ||    16
       Trog's Hand       |       |     1 |     2 |     3 |     1 ||     7
       Brothers in Arms  |       |       |       |     1 |     2 ||     3
Evoke: Tin of tremorston |       |       |       |     2 |       ||     2
       Wand              |       |       |       |     8 |       ||     8
  Use: Potion            |       |       |     5 |     2 |     1 ||     8
       Scroll            |       |       |    14 |    11 |       ||    25
 Stab: Sleeping          |     3 |     1 |       |       |       ||     4
       Invisible         |       |       |       |     3 |       ||     3
       Distracted        |       |       |       |       |     2 ||     2
Armor: Animal skin       |    14 |       |       |       |       ||    14
       Ring mail         |       |     1 |       |       |       ||     1
       Chain mail        |       |    32 |    95 |    11 |       ||   138
       Plate armour      |       |       |       |   126 |    17 ||   143
Dodge: Dodged            |    59 |    84 |   118 |   170 |    23 ||   454

Table legend: (Time is in decaauts)
 A = Elapsed time spent in this place.
 B = Non-inter-level travel time spent in this place.
 C = Inter-level travel time spent in this place.
 D = Time resting spent in this place.
 E = Time spent auto-exploring this place.
 F = Levels seen in this place.
 G = Mean time per level.
                   A        B        C        D        E       F      G
               +--------+--------+--------+--------+--------+-----+--------+
         Total |  12691 |  12121 |    570 |   1767 |   8384 |  14 |  906.5 |
       Dungeon |  12149 |  11603 |    546 |   1722 |   8113 |  12 | 1012.4 |
          Lair |     47 |     24 |     23 |      0 |      0 |   1 |   47.0 |
      Gauntlet |    493 |    493 |      0 |     45 |    271 |   1 |  493.0 |
               +--------+--------+--------+--------+--------+-----+--------+

Top non-repeatable levels by time:
    D:12: 2003 daAuts
    D:11: 1180 daAuts
     D:2: 1116 daAuts
     D:9: 1110 daAuts
     D:3: 1077 daAuts
     D:7: 1052 daAuts
     D:4: 844 daAuts
     D:1: 826 daAuts
     D:6: 813 daAuts
     D:5: 789 daAuts
    D:10: 787 daAuts
     D:8: 546 daAuts
Gauntlet: 493 daAuts
  Lair:1: 47 daAuts
